[ AOE2 MATCH · #507978350 ]
UnrankedKoreans vs Malay
Player's team · WIN
Rival team · LOSS
[ REPLAY ANALYSIS · EXTRACTED FROM THE RECORDED GAME ]
Feudal
8:51
Castle
—
Imperial
—
| APM avg | 74.4 |
| APM peak | 258 |
| eAPM avg | 31.0 |
| Villagers / military | 47 / 10 |
Focus
⚔️ 63.9% · 🌾 36.1%
Scout Cavalry ×7 · Spearman ×3
Feudal
9:42
Castle
—
Imperial
—
| APM avg | 57.8 |
| APM peak | 77 |
| eAPM avg | 28.5 |
| Villagers / military | 39 / 10 |
Focus
⚔️ 40.2% · 🌾 59.8%
Militia ×5 · Spearman ×5
Match map
Initial resources + every placement click. Lines = walls · curves = elevation contours. ◆ gold · ⬟ stone · ● berries · ✦ relic · ◌ wall gap
Your base· Open — unwalled flank
dehinker's base· Open — unwalled flank
Smoothed initial terrain · ◌ = detected wall gap · hover for details
Inputs per minute
— [o.p.]King_Marv - - dehinker
Build order — [o.p.]King_Marv
133 actions detected in the replay
| 0:00 | Queue | Villager (Male) |
| 0:01 | Queue | Villager (Male) |
| 0:01 | Queue | Villager (Male) |
| 0:01 | Queue | Villager (Male) |
| 0:02 | Build | House |
| 0:03 | Build | House |
| 1:31 | Queue | Villager (Male) |
| 1:54 | Queue | Villager (Male) |
| 2:23 | Queue | Villager (Male) |
| 2:23 | Queue | Villager (Male) |
| 2:47 | Build | Lumber Camp |
| 3:02 | Queue | Villager (Male) |
| 3:16 | Queue | Villager (Male) |
| 4:04 | Queue | Villager (Male) |
| 4:06 | Queue | Villager (Male) |
| 4:11 | Build | House |
| 4:35 | Queue | Villager (Male) |
| 5:07 | Queue | Villager (Male) |
| 5:19 | Build | Mill |
| 5:35 | Research | Loom |
| 5:39 | Queue | Villager (Male) |
| 5:39 | Research | Loom |
| 6:35 | Research | Feudal Age |
| 6:50 | Build | House |
| 7:25 | Build | Barracks |
| 8:40 | Queue | Villager (Male) |
| 8:41 | Queue | Villager (Male) |
| 8:51 | Age | Feudal Age |
| 8:53 | Queue | Villager (Male) |
| 8:54 | Build | Stable |
| 9:13 | Queue | Villager (Male) |
| 9:34 | Queue | Scout Cavalry |
| 9:35 | Queue | Scout Cavalry |
| 9:44 | Queue | Villager (Male) |
| 9:47 | Queue | Spearman |
| 10:10 | Build | Palisade Wall |
| 10:10 | Build | Palisade Wall |
| 10:11 | Build | Palisade Wall |
| 10:20 | Queue | Villager (Male) |
| 10:23 | Build | Mining Camp |
| 10:39 | Build | House |
| 10:45 | Build | Watch Tower |
| 10:58 | Queue | Scout Cavalry |
| 11:21 | Queue | Villager (Male) |
| 11:24 | Build | Farm |
| 11:26 | Build | Farm |
| 11:27 | Build | Farm |
| 11:31 | Queue | Scout Cavalry |
| 12:06 | Queue | Villager (Male) |
| 12:27 | Build | Farm |
| 12:37 | Build | Farm |
| 12:38 | Build | Farm |
| 12:43 | Build | House |
| 12:56 | Queue | Villager (Male) |
| 12:58 | Build | Farm |
| 12:58 | Build | Farm |
| 13:12 | Queue | Villager (Male) |
| 13:30 | Queue | Villager (Male) |
| 13:32 | Build | Farm |
| 13:49 | Build | House |
| 14:14 | Queue | Villager (Male) |
| 14:37 | Build | Gate |
| 14:39 | Build | House |
| 14:41 | Build | Stone Wall |
| 14:46 | Build | Watch Tower |
| 14:49 | Queue | Villager (Male) |
| 14:52 | Queue | Scout Cavalry |
| 14:52 | Queue | Scout Cavalry |
| 14:55 | Build | House |
| 15:01 | Build | Blacksmith |
| 15:16 | Queue | Villager (Male) |
| 15:22 | Research | Double-Bit Axe |
| 15:25 | Queue | Villager (Male) |
| 15:40 | Queue | Scout Cavalry |
| 16:05 | Build | Outpost |
| 16:07 | Research | Town Watch |
| 16:09 | Queue | Villager (Male) |
| 16:21 | Build | Watch Tower |
| 16:27 | Build | Watch Tower |
| 16:38 | Queue | Villager (Male) |
| 16:41 | Build | House |
| 16:42 | Build | House |
| 16:52 | Queue | Villager (Male) |
| 17:08 | Queue | Villager (Male) |
| 17:12 | Build | Market |
| 17:29 | Queue | Villager (Male) |
| 17:39 | Build | House |
| 17:47 | Build | House |
| 17:50 | Build | House |
| 17:52 | Build | House |
| 18:01 | Build | Palisade Wall |
| 18:04 | Build | Palisade Wall |
| 18:15 | Build | Watch Tower |
| 18:19 | Build | Watch Tower |
| 18:23 | Queue | Villager (Male) |
| 18:24 | Queue | Villager (Male) |
| 18:30 | Build | House |
| 18:31 | Build | House |
| 18:49 | Queue | Villager (Male) |
| 18:52 | Build | Stone Wall |
| 19:18 | Queue | Villager (Male) |
| 19:19 | Queue | Villager (Male) |
| 19:38 | Queue | Villager (Male) |
| 19:42 | Build | Farm |
| 19:43 | Build | Farm |
| 19:43 | Build | Farm |
| 19:45 | Build | Farm |
| 19:52 | Queue | Villager (Male) |
| 19:59 | Build | Watch Tower |
| 20:09 | Build | Watch Tower |
| 20:14 | Build | Farm |
| 20:15 | Build | Farm |
| 20:17 | Research | Fletching |
| 20:24 | Queue | Villager (Male) |
| 20:30 | Build | Farm |
| 20:31 | Build | Farm |
| 20:31 | Build | Farm |
| 20:32 | Build | Farm |
| 20:42 | Queue | Villager (Male) |
| 21:02 | Build | Mining Camp |
| 21:03 | Build | Farm |
| 21:03 | Build | Farm |
| 21:03 | Build | Farm |
| 21:13 | Queue | Spearman |
| 21:13 | Queue | Spearman |
| 21:15 | Queue | Villager (Male) |
| 21:19 | Queue | Villager (Male) |
| 21:42 | Queue | Villager (Male) |
| 21:48 | Build | Outpost |
| 21:52 | Research | Horse Collar |
| 22:03 | Build | Watch Tower |
| 22:17 | Build | Outpost |
| 22:17 | Build | Outpost |
Build order — dehinker
133 actions detected in the replay
| 0:00 | Queue | Villager (Male) |
| 0:01 | Queue | Villager (Male) |
| 0:02 | Build | House |
| 0:02 | Build | House |
| 0:06 | Queue | Villager (Male) |
| 0:21 | Queue | Villager (Male) |
| 1:26 | Queue | Villager (Male) |
| 1:59 | Queue | Villager (Male) |
| 2:01 | Build | Lumber Camp |
| 2:13 | Queue | Villager (Male) |
| 2:48 | Queue | Villager (Male) |
| 3:05 | Queue | Villager (Male) |
| 3:36 | Queue | Villager (Male) |
| 3:39 | Build | House |
| 4:06 | Queue | Villager (Male) |
| 4:35 | Queue | Villager (Male) |
| 4:37 | Queue | Villager (Male) |
| 4:45 | Queue | Villager (Male) |
| 5:04 | Build | Barracks |
| 5:38 | Queue | Villager (Male) |
| 5:55 | Build | Palisade Wall |
| 6:04 | Queue | Villager (Male) |
| 6:10 | Build | House |
| 6:12 | Queue | Militia |
| 6:18 | Queue | Militia |
| 6:19 | Queue | Villager (Male) |
| 6:28 | Build | Palisade Wall |
| 6:38 | Queue | Villager (Male) |
| 6:44 | Queue | Militia |
| 6:48 | Queue | Militia |
| 6:56 | Queue | Villager (Male) |
| 7:14 | Queue | Militia |
| 7:40 | Build | Palisade Wall |
| 7:41 | Queue | Villager (Male) |
| 7:57 | Build | Palisade Wall |
| 8:24 | Research | Feudal Age |
| 8:40 | Build | Palisade Wall |
| 8:45 | Build | Mill |
| 8:55 | Build | House |
| 8:59 | Build | Palisade Wall |
| 9:00 | Build | Palisade Wall |
| 9:04 | Build | Palisade Wall |
| 9:06 | Build | Palisade Wall |
| 9:07 | Build | Palisade Wall |
| 9:10 | Research | Loom |
| 9:18 | Build | Palisade Wall |
| 9:26 | Build | Palisade Wall |
| 9:28 | Build | Palisade Wall |
| 9:29 | Build | Palisade Wall |
| 9:30 | Build | Palisade Wall |
| 9:42 | Age | Feudal Age |
| 9:55 | Build | Archery Range |
| 10:07 | Research | Double-Bit Axe |
| 10:07 | Research | Double-Bit Axe |
| 10:08 | Research | Horse Collar |
| 10:20 | Queue | Villager (Male) |
| 10:27 | Build | Farm |
| 10:56 | Queue | Spearman |
| 10:57 | Queue | Spearman |
| 10:59 | Build | Farm |
| 11:00 | Build | Farm |
| 11:01 | Build | Farm |
| 11:19 | Build | Farm |
| 11:20 | Build | Farm |
| 11:28 | Build | Watch Tower |
| 11:33 | Build | Farm |
| 11:34 | Queue | Villager (Male) |
| 11:44 | Queue | Villager (Male) |
| 11:55 | Build | Farm |
| 12:39 | Queue | Villager (Male) |
| 13:12 | Build | Palisade Gate |
| 13:17 | Build | Palisade Wall |
| 13:23 | Queue | Villager (Male) |
| 13:44 | Build | Farm |
| 13:44 | Build | Farm |
| 13:46 | Build | Farm |
| 13:46 | Build | Farm |
| 13:46 | Build | Farm |
| 13:46 | Build | Farm |
| 14:00 | Queue | Spearman |
| 14:38 | Build | Palisade Gate |
| 14:43 | Build | Stone Wall |
| 14:46 | Queue | Villager (Male) |
| 14:54 | Queue | Villager (Male) |
| 15:00 | Build | Palisade Wall |
| 15:18 | Build | Palisade Wall |
| 15:20 | Build | Palisade Wall |
| 15:22 | Queue | Villager (Male) |
| 15:33 | Build | Farm |
| 15:38 | Build | Farm |
| 15:40 | Build | House |
| 15:41 | Build | House |
| 16:01 | Queue | Villager (Male) |
| 16:05 | Build | House |
| 16:12 | Queue | Villager (Male) |
| 16:17 | Build | Mining Camp |
| 16:37 | Queue | Villager (Male) |
| 16:43 | Build | Palisade Wall |
| 16:48 | Queue | Villager (Male) |
| 17:10 | Build | Mining Camp |
| 17:46 | Queue | Villager (Male) |
| 18:12 | Queue | Villager (Male) |
| 18:13 | Queue | Villager (Male) |
| 18:16 | Queue | Spearman |
| 18:16 | Queue | Spearman |
| 18:19 | Build | Palisade Wall |
| 18:20 | Build | Palisade Wall |
| 18:27 | Build | Palisade Wall |
| 18:35 | Build | Palisade Wall |
| 18:36 | Build | Palisade Wall |
| 18:37 | Build | Palisade Wall |
| 18:41 | Build | House |
| 18:43 | Build | House |
| 18:45 | Build | House |
| 18:51 | Build | Palisade Wall |
| 18:57 | Queue | Villager (Male) |
| 19:00 | Build | Palisade Wall |
| 19:02 | Build | Palisade Wall |
| 19:04 | Queue | Villager (Male) |
| 19:07 | Build | Palisade Gate |
| 19:32 | Build | Watch Tower |
| 19:35 | Build | House |
| 19:36 | Build | Palisade Wall |
| 19:38 | Build | House |
| 19:40 | Build | Palisade Wall |
| 19:45 | Build | House |
| 19:47 | Build | Palisade Gate |
| 19:56 | Queue | Villager (Male) |
| 20:07 | Build | Stable |
| 20:14 | Build | Palisade Wall |
| 20:36 | Queue | Villager (Male) |
| 21:07 | Build | Palisade Wall |
| 21:31 | Build | Lumber Camp |
Match timeline
| 5:04 | dehinker · first_building Barracks |
| 5:55 | dehinker · wall_segment Palisade Wall x11 |
| 6:28 | dehinker · wall_segment Palisade Wall x10 |
| 7:25 | [o.p.]King_Marv · first_building Barracks |
| 7:40 | dehinker · wall_segment Palisade Wall x11 |
| 7:57 | dehinker · wall_segment Palisade Wall x5 |
| 8:40 | dehinker · wall_segment Palisade Wall x2 |
| 8:51 | [o.p.]King_Marv · age_up feudal |
| 8:54 | [o.p.]King_Marv · first_building Stable |
| 8:59 | dehinker · wall_segment Palisade Wall x1 |
| 9:00 | dehinker · wall_segment Palisade Wall x1 |
| 9:04 | dehinker · wall_segment Palisade Wall x1 |
| 9:06 | dehinker · wall_segment Palisade Wall x1 |
| 9:07 | dehinker · wall_segment Palisade Wall x1 |
| 9:18 | dehinker · wall_segment Palisade Wall x11 |
| 9:26 | dehinker · wall_segment Palisade Wall x1 |
| 9:28 | dehinker · wall_segment Palisade Wall x1 |
| 9:29 | dehinker · wall_segment Palisade Wall x1 |
| 9:30 | dehinker · wall_segment Palisade Wall x1 |
| 9:42 | dehinker · age_up feudal |
| 9:55 | dehinker · first_building Archery Range |
| 10:10 | [o.p.]King_Marv · wall_segment Palisade Wall x1 |
| 10:10 | [o.p.]King_Marv · wall_segment Palisade Wall x1 |
| 10:11 | [o.p.]King_Marv · wall_segment Palisade Wall x1 |
| 13:17 | dehinker · wall_segment Palisade Wall x1 |
| 14:41 | [o.p.]King_Marv · wall_segment Stone Wall x1 |
| 14:43 | dehinker · wall_segment Stone Wall x1 |
| 15:00 | dehinker · wall_segment Palisade Wall x5 |
| 15:18 | dehinker · wall_segment Palisade Wall x6 |
| 15:20 | dehinker · wall_segment Palisade Wall x14 |
| 16:43 | dehinker · wall_segment Palisade Wall x1 |
| 18:01 | [o.p.]King_Marv · wall_segment Palisade Wall x1 |
| 18:04 | [o.p.]King_Marv · wall_segment Palisade Wall x1 |
| 18:19 | dehinker · wall_segment Palisade Wall x1 |
| 18:20 | dehinker · wall_segment Palisade Wall x1 |
| 18:27 | dehinker · wall_segment Palisade Wall x1 |
| 18:35 | dehinker · wall_segment Palisade Wall x1 |
| 18:36 | dehinker · wall_segment Palisade Wall x1 |
| 18:37 | dehinker · wall_segment Palisade Wall x1 |
| 18:51 | dehinker · wall_segment Palisade Wall x1 |
| 18:52 | [o.p.]King_Marv · wall_segment Stone Wall x1 |
| 19:00 | dehinker · wall_segment Palisade Wall x1 |
| 19:02 | dehinker · wall_segment Palisade Wall x1 |
| 19:36 | dehinker · wall_segment Palisade Wall x1 |
| 19:40 | dehinker · wall_segment Palisade Wall x1 |
| 20:07 | dehinker · first_building Stable |
| 20:14 | dehinker · wall_segment Palisade Wall x1 |
| 21:07 | dehinker · wall_segment Palisade Wall x20 |
| 22:22 | dehinker · resign |
[ AI ANALYSIS · 1 CREDIT ]
What really happened in this match?
Wolo.gg analyzes every decision: build order, eco, micro, common mistakes by bracket. Personalized analysis on WhatsApp or Discord in 30 seconds.
Civ guide
Koreans
Perfil
Jugador #1787077